 Dungeon Sprint DCSS version 0.17-a0-2215-g49c1de0 (webtiles) character file.

53279 Kidiri the Unseen (level 12, -11/63 HPs)
             Began as a Spriggan Enchanter on Oct 27, 2015.
             Was the Champion of Dithmenos.
             Mangled by Gastronok (35 damage)
             ... in the Dungeon (Sprint III: "The Ten Rune Challenge").
             The game lasted 00:19:17 (4438 turns).

Kidiri the Unseen (Spriggan Enchanter)              Turns: 4438, Time: 00:19:17

Health: -11/63     AC:  3    Str:  4    XL:     12   Next: 88%
Magic:  4/31       EV: 33    Int: 16    God:    Dithmenos [******]
Gold:   55         SH:  0    Dex: 18    Spells: 7 memorised, 23 levels left

rFire  . . .     SeeInvis +     a - +1 dagger
rCold  . . .     Clarity  .     b - +1 robe
rNeg   . . .     SustAt   .     (shield restricted)
rPois  .         Gourm    .     (helmet restricted)
rElec  .         Spirit   .     (no cloak)
rCorr  .         Warding  .     (gloves unavailable)
rMut   .         NoTele   +     (boots unavailable)
MR     ++...                    (no amulet)
Stlth  ++++++++++               (no ring)
                                (no ring)

@: wreathed by umbra, very quick, very resistant to hostile enchantments,
uncannily stealthy
A: unfitting armour, talons 1, see invisible, dopey 2, herbivore 3, speed 3,
slow metabolism 2, spit poison 1, subdued magic 2
a: Spit Poison, Shadow Step, Shadow Form, Renounce Religion
}: 2/10 runes: decaying, barnacled


You were in the Dungeon.
You worshipped Dithmenos.
Dithmenos was exalted by your worship.
You were not hungry.

You visited 1 branch You collected 55 gold pieces.

Inventory:

Hand Weapons
 a - a +1 dagger (weapon)
Armour
 b - a +1 robe (worn)
 f - an ice dragon hide
 k - a +0 robe of magic resistance
Scrolls
 j - a scroll of blinking
 l - 3 scrolls of torment {unknown}
 m - 4 scrolls of remove curse
 q - a scroll of immolation {unknown}
Potions
 c - a potion of berserk rage
 e - 2 potions of curing
 g - a potion of haste
 h - a potion of magic
 i - 2 potions of might
 o - 3 potions of brilliance
 p - 2 potions of flight
Comestibles
 d - 6 fruits
 n - 28 royal jellies


   Skills:
 + Level 7.2 Fighting
 * Level 13.3 Short Blades
 + Level 6.7 Armour
 * Level 17.0 Dodging
 * Level 18.2 Stealth
 * Level 14.8 Spellcasting
 + Level 6.4 Conjurations
 + Level 11.0 Hexes
 + Level 10.8 Charms
 + Level 7.2 Ice Magic
 + Level 6.9 Air Magic
 + Level 7.8 Poison Magic
 - Level 6.8 Invocations


You had 23 spell levels left.
You knew the following spells:

 Your Spells              Type           Power        Failure   Level  Hunger
a - Corona                Hex            ###....      0%          1    None
b - Ensorcelled Hibernat  Hex/Ice        ###...       0%          2    None
c - Confuse               Hex            ###.....     0%          3    None
d - Tukima's Dance        Hex            ###.....     0%          3    None
e - Dazzling Spray        Conj/Hex       ###.....     0%          3    None
f - Repel Missiles        Chrm/Air       ###...       0%          2    None
g - Mephitic Cloud        Conj/Pois/Air  ###.....     0%          3    None


Dungeon Overview and Level Annotations

Branches:
Dungeon (1/1)

Altars:
Cheibriados
Dithmenos
Elyvilon
Fedhas
Gozag
Kikubaaqudgha
Makhleb
Nemelex Xobeh
Okawaru
Qazlal
Ru
Sif Muna
Trog
Vehumet
Xom
Yredelemnul
Zin
The Shining One
Jiyva
Lugonu

Shops:
D :%(=%[

Annotations:
D Gastronok


Innate Abilities, Weirdness & Mutations

You are tiny and cannot use many weapons and most armour.
You have supernaturally acute eyesight.
You are a herbivore.
You cover ground extremely quickly.
You need consume almost no food.
You have sharp toenails.
You are very dopey. (Int -4)
You can spit weak poison.
Your spells are easier to cast, but less powerful.


Message History

Casting: Dazzling Spray
Confirm with . or Enter, or press ? or * to list all spells.
Aiming: Dazzling Spray
Press: ? - help, Shift-Dir - straight line, f/p - Gastronok
Aim: Gastronok, wearing the +3 hat of Pondering {ponderous, MR+ MP+10 Int+5} (lightly wounded, umbra)
The spray of energy hits Gastronok.
Gastronok is lightly wounded.
Unknown command.
Unknown command.
Casting: Dazzling Spray
Confirm with . or Enter, or press ? or * to list all spells.
Aiming: Dazzling Spray
Press: ? - help, Shift-Dir - straight line, f/p - Gastronok
Aim: Gastronok, wearing the +3 hat of Pondering {ponderous, MR+ MP+10 Int+5} (lightly wounded, umbra)
The spray of energy hits Gastronok.
Gastronok is lightly wounded.
Your shadow mimicks your spell!
The shadow shard hits Gastronok.
Gastronok bites you!!
Ouch! That really hurt!
You die...

▓.................#___#_.
▓▓▓▓▓▓▓▓▓▓▓▓▓▓▓▓▓▓▓▓▓▓▓▓▓
▓...+≈≈≈§§§§≈≈♣♣.....♣♣♣
▓..P#≈≈≈≈§§≈≈≈♣♣.≈≈≈≈+♣♣
▓YPP#≈≈§.§§§≈≈≈'...††#.≈
▓Y.P#≈.§≈.§.≈≈♣♣♣♣♣♣♣#..
▓.Y§#≈≈≈.§≈≈≈≈♣ ###
▓##'####+#######♣ ♣♣♣♣
▓..YYYw@....)...♣♣ ♣...
▓#+#############+♣ ♣♣.#
...#≈...........♣ ♣..
▓...+≈≈...########♣♣ ♣♣.
▓JJ.#≈≈≈...........♣ ♣♣.
▓JJ.#≈≈≈≈..........♣ ♣..
#+#############+#### ###
#.♣♣ #♣.♣


You could see Gastronok, a dire elephant and 2 elephants.

Vanquished Creatures
  Rupert (D)
  Polyphemus (D)
  Ilsuiw (D)
  Maud (D)
  A dire elephant (D)
  A merfolk javelineer (D)
  3 ice dragons (D)
  3 hydras (D)
  Erica (D)
  A centaur warrior (D)
  4 death yaks (D)
  A death drake (D)
  An unseen horror (D)
  A sea snake (D)
  A spriggan druid (D)
  A lindwurm (D)
  2 black mambas (D)
  2 spiny frogs (D)
  A komodo dragon (D)
  A deep elf priest (D)
  A fire drake (D)
  A queen bee (D)
  3 wandering mushrooms (D)
  8 blink frogs (D)
  3 redbacks (D)
  A shadow (D)
  2 spriggans (D)
  A spatial vortex (D)
  A hydra simulacrum (D)
  A swamp drake (D)
  A necrophage (D)
  2 centaurs (D)
  2 brain worms (D)
  An earth elemental (D)
  A water elemental (D)
  28 killer bees (D)
  An electric eel (D)
  A jelly (D)
  A wizard (D)
  Jessica (D)
  A necromancer (D)
  3 sheep (D)
  A wolf (D)
  3 humans (D)
  A kobold demonologist (D)
  2 oozes (D)
  2 swamp drake simulacra (D)
  A rat (D)
  A plant (D)
105 creatures vanquished.

Vanquished Creatures (collateral kills)
  4 killer bees (D)
4 creatures vanquished.

Vanquished Creatures (others)
  2 draconian scorchers (D)
  A yaktaur (D)
  11 plants (D)
14 creatures vanquished.

Grand Total: 123 creatures vanquished

Notes
Turn   | Place    | Note
--------------------------------------------------------------
     0 | D        | Kidiri the Spriggan Enchanter began the quest for the Orb.
     0 | D        | Reached XP level 1. HP: 9/9 MP: 5/5
     7 | D        | Reached skill level 5 in Stealth
     7 | D        | Reached XP level 2. HP: 14/14 MP: 5/7
    11 | D        | Learned a level 2 spell: Ensorcelled Hibernation
    30 | D        | Noticed Jessica
    43 | D        | Killed a yaktaur
    63 | D        | Killed Jessica
    63 | D        | Reached skill level 1 in Fighting
    63 | D        | Reached skill level 1 in Armour
    63 | D        | Reached XP level 3. HP: 10/18 MP: 0/9
    70 | D        | Learned a level 3 spell: Confuse
    74 | D        | Learned a level 3 spell: Tukima's Dance
   234 | D        | Reached skill level 5 in Dodging
   234 | D        | Reached skill level 6 in Stealth
   234 | D        | Reached skill level 1 in Ice Magic
   235 | D        | Noticed a wolf
   243 | D        | Killed a wolf
   243 | D        | Reached XP level 4. HP: 22/22 MP: 3/11
   248 | D        | Learned a level 3 spell: Dazzling Spray
   252 | D        | Killed a white draconian scorcher
   271 | D        | Gained mutation: Your spells are a little easier to cast, but a little less powerful. [potion of mutation]
   271 | D        | Gained mutation: You are dopey. (Int -2) [potion of mutation]
   271 | D        | Gained mutation: Your spells are easier to cast, but less powerful. [potion of mutation]
   292 | D        | Noticed a water elemental
   308 | D        | Killed a water elemental
   308 | D        | Reached skill level 7 in Stealth
   308 | D        | Reached skill level 5 in Spellcasting
   351 | D        | Killed a white draconian scorcher
   675 | D        | Noticed a jelly
   676 | D        | Noticed a shadow
   678 | D        | Killed a shadow
   678 | D        | Reached skill level 5 in Short Blades
   678 | D        | Reached skill level 8 in Dodging
   678 | D        | Reached skill level 1 in Conjurations
   678 | D        | Reached skill level 5 in Hexes
   678 | D        | Reached XP level 5. HP: 27/27 MP: 13/15
   678 | D        | Reached XP level 6. HP: 32/32 MP: 13/16
   692 | D        | Killed a jelly
   692 | D        | Reached skill level 9 in Stealth
   778 | D        | Found a stormy altar of Qazlal.
   779 | D        | Found a sacrificial altar of Ru.
   779 | D        | Found a burning altar of Makhleb.
   779 | D        | Found a viscous altar of Jiyva.
   779 | D        | Found a shimmering altar of Xom.
   779 | D        | Found a shadowy altar of Dithmenos.
   779 | D        | Found a sparkling altar of Nemelex Xobeh.
   779 | D        | Found a corrupted altar of Lugonu.
   779 | D        | Found an opulent altar of Gozag.
   779 | D        | Noticed a spatial vortex
   783 | D        | Became a worshipper of Dithmenos the Shadowed
   785 | D        | Killed a spatial vortex
   785 | D        | Reached skill level 1 in Invocations
   807 | D        | Found a radiant altar of Vehumet.
   808 | D        | Found a deep blue altar of Sif Muna.
   808 | D        | Found an ancient bone altar of Kikubaaqudgha.
   808 | D        | Noticed a wizard
   809 | D        | Killed a wizard
   822 | D        | Learned a level 2 spell: Repel Missiles
   826 | D        | Learned a level 3 spell: Mephitic Cloud
   844 | D        | Found a glowing silver altar of Zin.
   845 | D        | Found a glowing golden altar of the Shining One.
   845 | D        | Found a white marble altar of Elyvilon.
   845 | D        | Noticed a deep elf priest
   848 | D        | Killed a deep elf priest
   848 | D        | Reached * piety under Dithmenos
   848 | D        | Reached skill level 10 in Stealth
   848 | D        | Reached skill level 1 in Air Magic
   848 | D        | Reached skill level 1 in Poison Magic
   848 | D        | Reached XP level 7. HP: 36/36 MP: 17/19
   861 | D        | Gained mutation: You are very dopey. (Int -4) [potion of mutation]
   861 | D        | Gained mutation: You can spit weak poison. [potion of mutation]
   861 | D        | Gained mutation: You have sharp toenails. [potion of mutation]
   870 | D        | Found an iron altar of Okawaru.
   871 | D        | Found a bloodstained altar of Trog.
   871 | D        | Noticed a human
   871 | D        | Noticed a human
   873 | D        | Killed a human
   874 | D        | Killed a human
   874 | D        | Reached skill level 10 in Dodging
   874 | D        | Reached skill level 11 in Stealth
   890 | D        | Found a snail-covered altar of Cheibriados.
   890 | D        | Noticed a necrophage
   891 | D        | Found a basalt altar of Yredelemnul.
   891 | D        | Found a blossoming altar of Fedhas.
   891 | D        | Noticed a necromancer
   892 | D        | Killed a necrophage
   892 | D        | Reached ** piety under Dithmenos
   892 | D        | Reached XP level 8. HP: 40/40 MP: 21/21
   893 | D        | Killed a necromancer
   912 | D        | Noticed Erica
   914 | D        | Killed Erica
   941 | D        | Noticed an earth elemental
   944 | D        | Killed an earth elemental
   944 | D        | Reached skill level 12 in Stealth
   949 | D        | Noticed a centaur
   949 | D        | Noticed a centaur warrior
   949 | D        | Noticed a centaur
   951 | D        | Killed a centaur
   953 | D        | Killed a centaur warrior
   953 | D        | Reached *** piety under Dithmenos
   953 | D        | Reached skill level 10 in Spellcasting
   953 | D        | Reached skill level 5 in Charms
   953 | D        | Reached XP level 9. HP: 45/45 MP: 22/24
   954 | D        | Killed a centaur
   974 | D        | Noticed an unseen horror
   976 | D        | Killed an unseen horror
   976 | D        | Reached skill level 13 in Stealth
   986 | D        | Noticed a killer bee
   986 | D        | Noticed a killer bee
   986 | D        | Noticed a killer bee
   986 | D        | Noticed a killer bee
   986 | D        | Noticed a killer bee
   986 | D        | Noticed a killer bee
   986 | D        | Noticed a killer bee
   986 | D        | Noticed a killer bee
   986 | D        | Noticed a killer bee
   986 | D        | Noticed a killer bee
   986 | D        | Noticed a queen bee
   986 | D        | Noticed a killer bee
   986 | D        | Noticed a killer bee
   986 | D        | Noticed a killer bee
   986 | D        | Noticed a killer bee
   987 | D        | Noticed a killer bee
   987 | D        | Noticed a killer bee
   987 | D        | Noticed a killer bee
   987 | D        | Noticed a killer bee
   987 | D        | Noticed a killer bee
   987 | D        | Noticed a killer bee
   987 | D        | Noticed a killer bee
   987 | D        | Noticed a killer bee
   987 | D        | Noticed a killer bee
   987 | D        | Noticed a killer bee
   987 | D        | Noticed a killer bee
   987 | D        | Noticed a killer bee
   987 | D        | Noticed a killer bee
   987 | D        | Noticed a killer bee
   987 | D        | Noticed a killer bee
   987 | D        | Noticed a killer bee
   987 | D        | Noticed a killer bee
   987 | D        | Noticed a killer bee
   988 | D        | Killed a killer bee
   989 | D        | Killed a killer bee
   989 | D        | Reached **** piety under Dithmenos
   994 | D        | Killed a killer bee
   996 | D        | Killed a killer bee
   998 | D        | Killed a killer bee
  1000 | D        | Killed a killer bee
  1005 | D        | Killed a killer bee
  1009 | D        | Killed a killer bee
  1011 | D        | Killed a killer bee
  1011 | D        | Reached ***** piety under Dithmenos
  1013 | D        | Killed a killer bee
  1156 | D        | Killed a killer bee
  1161 | D        | Killed a killer bee
  1188 | D        | Killed a killer bee
  1190 | D        | Killed a killer bee
  1194 | D        | Killed a killer bee
  1199 | D        | Killed a killer bee
  1200 | D        | Killed a killer bee
  1224 | D        | HP: 2/46 [poisoned by a killer bee]
  1610 | D        | Killed a killer bee
  1619 | D        | Killed a killer bee
  1621 | D        | Killed a killer bee
  1645 | D        | Killed a killer bee
  1645 | D        | Reached XP level 10. HP: 14/51 MP: 1/25
  1901 | D        | Killed a killer bee
  1903 | D        | Killed a killer bee
  1903 | D        | Reached ****** piety under Dithmenos
  1905 | D        | Killed a killer bee
  1922 | D        | Killed a killer bee
  1927 | D        | Killed a killer bee
  1929 | D        | Killed a killer bee
  1939 | D        | Killed a killer bee
  1942 | D        | Killed a killer bee
  1955 | D        | Killed a queen bee
  1955 | D        | Reached skill level 14 in Stealth
  1958 | D        | Killed a killer bee
  1977 | D        | Killed a killer bee
  2292 | D        | Killed a killer bee
  2366 | D        | Noticed a wandering mushroom
  2367 | D        | Noticed a wandering mushroom
  2367 | D        | Noticed a wandering mushroom
  2368 | D        | Killed a wandering mushroom
  2368 | D        | Reached skill level 5 in Fighting
  2397 | D        | Killed a wandering mushroom
  2397 | D        | Reached skill level 5 in Ice Magic
  2401 | D        | Killed a wandering mushroom
  2593 | D        | Noticed a spiny frog
  2593 | D        | Noticed a komodo dragon
  2593 | D        | Noticed a spiny frog
  2596 | D        | Killed a spiny frog
  2596 | D        | Reached skill level 10 in Short Blades
  2598 | D        | Killed a komodo dragon
  2598 | D        | Reached skill level 5 in Invocations
  2599 | D        | Killed a spiny frog
  2604 | D        | Noticed a redback
  2606 | D        | Killed a redback
  2607 | D        | Noticed a brain worm
  2610 | D        | Killed a brain worm
  2613 | D        | Noticed a brain worm
  2615 | D        | Killed a brain worm
  2618 | D        | Noticed a lindwurm
  2620 | D        | Noticed a redback
  2622 | D        | Killed a lindwurm
  2622 | D        | Reached skill level 5 in Poison Magic
  2625 | D        | Noticed a redback
  2626 | D        | Killed a redback
  2626 | D        | Reached skill level 5 in Armour
  2628 | D        | Killed a redback
  2635 | D        | Noticed Maud
  2637 | D        | Killed Maud
  2637 | D        | Reached skill level 15 in Stealth
  2637 | D        | Reached XP level 11. HP: 53/56 MP: 16/28
  2694 | D        | Noticed an electric eel
  2695 | D        | Noticed an eight-headed hydra
  2695 | D        | Noticed a six-headed hydra
  2696 | D        | Killed an electric eel
  2698 | D        | Killed an eight-headed hydra
  2698 | D        | Reached skill level 5 in Air Magic
  2699 | D        | Killed a six-headed hydra
  2699 | D        | Reached skill level 5 in Conjurations
  2736 | D        | Noticed a death drake
  2739 | D        | Killed a death drake
  2746 | D        | Found a blossoming altar of Fedhas.
  2746 | D        | Noticed a spriggan
  2746 | D        | Noticed a spriggan druid
  2746 | D        | Noticed a spriggan
  2748 | D        | Killed a spriggan
  2749 | D        | Killed a spriggan druid
  2750 | D        | Killed a spriggan
  2773 | D        | Noticed Polyphemus
  2774 | D        | Noticed a sea snake
  2774 | D        | Noticed Ilsuiw
  2774 | D        | Found Gufar's Jewellery Emporium.
  2781 | D        | Killed Polyphemus
  2781 | D        | Reached skill level 16 in Stealth
  2953 | D        | Killed Ilsuiw
  2953 | D        | Reached skill level 15 in Dodging
  3186 | D        | Found Anaymits's Food Shop.
  3187 | D        | Found Cuyppoust's Antique Armour Shoppe.
  3188 | D        | Noticed a merfolk javelineer
  3190 | D        | Killed a merfolk javelineer
  3190 | D        | Reached skill level 10 in Hexes
  3203 | D        | Killed a sea snake
  3209 | D        | Got a barnacled rune of Zot
  3283 | D        | Noticed a swamp drake
  3283 | D        | Noticed a fire drake
  3284 | D        | Killed a fire drake
  3284 | D        | Reached XP level 12. HP: 60/62 MP: 30/30
  3286 | D        | Killed a swamp drake
  3293 | D        | Noticed a blink frog
  3294 | D        | Noticed a blink frog
  3294 | D        | Noticed a blink frog
  3294 | D        | Noticed a blink frog
  3294 | D        | Noticed a blink frog
  3298 | D        | Killed a blink frog
  3300 | D        | Killed a blink frog
  3301 | D        | Killed a blink frog
  3311 | D        | Killed a blink frog
  3314 | D        | Killed a blink frog
  3436 | D        | Noticed Rupert
  3438 | D        | Killed Rupert
  3438 | D        | Reached skill level 17 in Stealth
  3438 | D        | Reached skill level 10 in Charms
  3465 | D        | Noticed a death yak
  3466 | D        | Noticed a death yak
  3466 | D        | Noticed a blink frog
  3467 | D        | Noticed an azure jelly
  3467 | D        | Noticed a death yak
  3467 | D        | Noticed an azure jelly
  3467 | D        | Noticed a blink frog
  3467 | D        | Noticed a death yak
  3468 | D        | Killed a death yak
  3469 | D        | Killed a death yak
  3470 | D        | Killed a blink frog
  3471 | D        | Noticed a blink frog
  3482 | D        | Killed a death yak
  3699 | D        | Noticed a black mamba
  3699 | D        | Noticed a black mamba
  3700 | D        | Killed a black mamba
  3703 | D        | Killed a blink frog
  3706 | D        | Killed a black mamba
  3877 | D        | Killed a death yak
  3885 | D        | Killed a blink frog
  4064 | D        | Noticed an ice dragon
  4066 | D        | Killed an ice dragon
  4083 | D        | Noticed an ice dragon
  4102 | D        | Killed an ice dragon
  4102 | D        | Reached skill level 18 in Stealth
  4147 | D        | Noticed an ice dragon
  4155 | D        | Killed an ice dragon
  4233 | D        | Found Dieduomi's Book Shoppe.
  4233 | D        | Found Elasogu's Food Boutique.
  4246 | D        | Found Muzxinn's Antique Weapon Emporium.
  4254 | D        | Noticed an eight-headed hydra
  4257 | D        | Killed an eight-headed hydra
  4302 | D        | Noticed a four-headed hydra simulacrum
  4304 | D        | Killed a four-headed hydra simulacrum
  4311 | D        | Got a decaying rune of Zot
  4414 | D        | Noticed an azure jelly
  4414 | D        | Noticed an azure jelly
  4415 | D        | Noticed an elephant
  4415 | D        | Noticed an elephant
  4415 | D        | Noticed a dire elephant
  4415 | D        | Noticed a dire elephant
  4415 | D        | Noticed Gastronok
  4432 | D        | Killed a dire elephant
  4438 | D        | Mangled by Gastronok

Vault maps used:
D:        dungeon_sprint_mu

Action                   |  1- 3 |  4- 6 |  7- 9 | 10-12 || total
-------------------------+-------+-------+-------+-------++-------
Melee: Dagger            |    19 |    20 |    81 |   174 ||   294
 Cast: Ensorcelled Hiber |     6 |     7 |    28 |    33 ||    74
       Corona            |     1 |       |     1 |     1 ||     3
       Dazzling Spray    |       |       |     4 |    73 ||    77
       Confuse           |       |       |     1 |     7 ||     8
       Mephitic Cloud    |       |       |     1 |       ||     1
       Tukima's Dance    |       |       |       |     1 ||     1
Invok: Shadow Step       |       |       |       |    11 ||    11
  Use: Potion            |       |     3 |     2 |     2 ||     7
       Scroll            |       |     2 |       |       ||     2
 Stab: Sleeping          |     4 |     6 |    21 |    42 ||    73
       Invisible         |       |       |     3 |    10 ||    13
       Distracted        |       |       |       |     1 ||     1
       Confused          |       |       |       |     2 ||     2
  Eat: Bread ration      |       |       |       |     1 ||     1
